 Dungeon Crawl Stone Soup version 0.32-a0-940-g8c197d95f1 (webtiles) character file.

Game seed: 1240307705266620980

61 DryNick the Trooper (level 3, 0/33 HPs)
             Began as a Mountain Dwarf Fighter on Apr 16, 2024.
             Slain by an orc warrior
             ... wielding a +0 short sword
              (2 damage)
             ... on level 3 of the Dungeon.
             The game lasted 00:05:07 (1235 turns).

DryNick the Trooper (Mountain Dwarf Fighter)        Turns: 1235, Time: 00:05:07

Health: 0/33       AC:  9    Str: 20    XL:     3   Next: 83%
Magic:  3/3        EV:  8    Int:  8    God:
Gold:   78         SH:  4    Dex:  9    Spells: 2/2 levels left

rFire   . . .        a - +0 war axe
rCold   . . .        c - +0 buckler
rNeg    . . .        b - +0 scale mail
rPois   .            (no helmet)
rElec   .            (no cloak)
rCorr   .            i - +0 pair of gloves
SInv    .            j - +0 pair of boots
Will    .....        (no amulet) Stlth
                     (no ring)
HPRegen 0.25/turn    (no ring)
MPRegen 0.08/turn

%: no passive effects
@: mighty
A: runic magic, artefact enchanting
a: no special abilities


You were on level 3 of the Dungeon.
You visited 1 branch of the dungeon, and saw 3 of its levels.

You collected 78 gold pieces.

Inventory:

Hand Weapons
 a - a +0 war axe (weapon)
 k - a +0 whip
Missiles
 l - 15 stones (quivered)
Armour
 b - a +0 scale mail (worn)
 c - a +0 buckler (worn)
 i - a +0 pair of gloves (worn)
 j - a +0 pair of boots (worn)
Wands
 p - a wand of polymorph (12)
 u - a wand of flame (10)
Scrolls
 e - 3 scrolls of identify {unknown}
 f - a scroll of blinking {unknown}
 h - a scroll of teleportation {unknown}
 m - a scroll of vulnerability {unknown}
 o - a scroll of butterflies {unknown}
 q - a scroll of immolation {unknown}
 t - a scroll of fog {unknown}
 v - a scroll of poison {unknown}
Potions
 g - a potion of brilliance {unknown}
 n - 3 potions of curing {unknown}
 r - 2 potions of mutation {unknown}
 s - a potion of lignification {unknown}
 w - a potion of magic {unknown}
 x - a potion of attraction {unknown}


   Skills:
 + Level 3.8 Fighting
 * Level 3.6 Axes
 + Level 3.8 Armour
 + Level 3.7 Shields


You had 2 spell levels left.
You didn't know any spells.
Your spell library contained the following spells:

 Spells                   Type           Power      Damage    Failure   Level
 Summon Forest            Summ/Tloc      0%         N/A       100%        5
 Eringya's Noxious Bog    Alch           0%         4d6       100%        6
 Summon Hydra             Summ           0%         N/A       100%        7


Dungeon Overview and Level Annotations

Branches:
Dungeon (3/15)

Altars:


Innate Abilities, Weirdness & Mutations

Your spellcasting is much less encumbered by armour.
You can use scrolls of enchantment on lesser artefacts.


Message History

The frilled lizard bites you but does no damage.
The frilled lizard closely misses you.
You closely miss the frilled lizard. You block the frilled lizard's attack.
You slash the frilled lizard!
You kill the frilled lizard!
No target in view!
You see here a +0 hand axe.
You now have 78 gold pieces (gained 2).
An orc warrior is nearby!
The orc warrior shouts!
Throw: 17 stones
Press: ? - help, Q - select action, (/) - cycle Shift-Dir - straight line, f - orc warrior
Aim: an orc warrior, wielding a +0 short sword, wearing a +0 chain mail and quivering boomerangs (45% to hit)
You throw a stone.
The stone closely misses the orc warrior.
The orc warrior throws a boomerang.
The boomerang hits you.
Throw: 16 stones
Press: ? - help, Q - select action, (/) - cycle Shift-Dir - straight line, f/p - orc warrior
Aim: an orc warrior, wielding a +0 short sword, wearing a +0 chain mail and quivering boomerangs (45% to hit)
You throw a stone.
The stone hits the orc warrior but does no damage.
The orc warrior throws a boomerang.
The boomerang hits you but does no damage.
The orc warrior throws a boomerang.
The boomerang hits you but does no damage.
The orc warrior hits you but does no damage.
You closely miss the orc warrior.
The orc warrior hits you with a +0 short sword.
You hit the orc warrior but do no damage.
The orc warrior hits you with a +0 short sword!
The orc warrior hits you with a +0 short sword.
* * * LOW HITPOINT WARNING * * *
You closely miss the orc warrior. You block the orc warrior's attack.
You feel very mighty all of a sudden.
The orc warrior hits you with a +0 short sword!
* * * LOW HITPOINT WARNING * * *
You barely miss the orc warrior. The orc warrior closely misses you.
You closely miss the orc warrior.
The orc warrior hits you with a +0 short sword.
You die...

#.... ...............#####.....##
#.... ####.....................†[
#....### ####.......)####........
#......######.........###........
.......#...<....#...#..###.......
.........#......#...##..†.....#..
.............#...##.#..###..#####
......<.†...##...#..........#
o.......†.......@...#.##...##
......>..........o.......#....
....................##.#######
.......##...............<.#
.......#..##.#....####....#
....#....###.#.....###....#
.#....#### #.#...#....#####
#..#### #.#...####...# ..##
####.##### ###.#


You could see an orc warrior.

Vanquished Creatures
  3 dart slugs
  3 orcs (D:3)
  5 ball pythons
  2 endoplasms (D:3)
  3 giant cockroaches (D:1)
  4 goblins
  4 hobgoblins
  3 jackals (D:3)
  4 kobolds
  3 quokkas
  4 bats
  4 frilled lizards
  8 rats
50 creatures vanquished.

Notes
Turn   | Place    | Note
-------+----------+-------------------------------------------
     0 | D:1      | DryNick the Mountain Dwarf Fighter began the quest for the
                  | Orb.
     0 | D:1      | Reached XP level 1. HP: 19/19 MP: 1/1
   105 | D:1      | Reached XP level 2. HP: 26/26 MP: 2/2
   357 | D:1      | Reached XP level 3. HP: 31/31 MP: 3/3
  1122 | D:3      | Noticed an orc warrior
  1233 | D:3      | HP: 1/33 [orc warrior/+0 short sword (7)]
  1235 | D:3      | Slain by an orc warrior

Illustrated notes

Levels and vault maps discovered:
D:1:      minmay_arrival_loop, layout_rooms, minmay_hexomino_p4
D:2:      layout_rooms
D:3:      layout_rooms, chequers_serial_rivers_large_a

Skill      XL: |  1  2 |
---------------+-------+-----
Axes           | 3 |  3.6
Fighting       | |  3.8
Armour         | |  3.8
Shields        | |  3.7

Action                     || total
---------------------------++-------
  Melee: War axe           ||   140
  Throw: Stone             ||     2
    Use: Potion            ||     1
 Armour: Scale mail        ||   118
  Dodge: Dodged            ||    56
  Block: Buckler           ||    34

Table legend: (Time is in decaauts)
 A = Elapsed time spent in this place.
 B = Non-inter-level travel time spent in this place.
 C = Inter-level travel time spent in this place.
 D = Time resting spent in this place.
 E = Time spent auto-exploring this place.
 F = Levels seen in this place.
 G = Mean time per level.
                   A        B        C        D        E       F      G
               +--------+--------+--------+--------+--------+-----+--------+
         Total |   1286 |   1236 |     50 |      0 |    827 |   3 |  428.7 |
       Dungeon |   1286 |   1236 |     50 |      0 |    827 |   3 |  428.7 |
               +--------+--------+--------+--------+--------+-----+--------+

Top non-repeatable levels by time:
     D:1: 589 daAuts
     D:2: 427 daAuts
     D:3: 269 daAuts
